 Dungeon Crawl Stone Soup version 0.27-a0-323-gbd089401bb (webtiles) character file.

Game seed: 1188412446985603401

1320 lunkers the Geomancer (level 8, -2/52 HPs)
             Began as a Formicid Earth Elementalist on Feb 10, 2021.
             Slain by an orc wizard
             ... wielding a +0 dagger
              (4 damage)
             ... on level 7 of the Dungeon.
             The game lasted 00:12:36 (8488 turns).

lunkers the Geomancer (Formicid Earth Elementalist) Turns: 8488, Time: 00:12:36

Health: -2/52      AC:  4    Str: 14    XL:     8   Next: 90%
Magic:  10/26      EV: 12    Int: 16    God:
Gold:   368        SH:  0    Dex: 11    Spells: 13/19 levels left

rFire    + . .     SeeInvis +   w - +1 dagger (venom)
rCold    . . .     Faith    .   (no shield)
rNeg     . . .     Spirit   .   c - +0 robe
rPois    +         Reflect  .   (helmet unavailable)
rElec    .         Harm     .   (no cloak)
rCorr    .         Rampage  .   (no gloves)
Will     .....                  t - +1 pair of boots of Boiling Hail {rPois rF+}
Stlth    ++........             (no amulet)
HPRegen  0.17/turn              m - ring of magical power
MPRegen  0.20/turn              (no ring)

@: very slightly contaminated
A: permanent stasis, dig shafts and tunnels, four strong arms, antennae 3
a: Dig, Shaft Self


You were on level 7 of the Dungeon.
You visited 1 branch of the dungeon, and saw 7 of its levels.

You collected 368 gold pieces.

Inventory:

Hand Weapons
 r - a +0 dagger of venom
 w - a +1 dagger of venom (weapon)
Missiles
 b - 134 stones
Armour
 c - a +0 robe (worn)
 p - a +2 pair of boots
 q - a +0 kite shield
 t - the +1 pair of boots of Boiling Hail (worn) {rPois rF+}
   (You found it on level 4 of the Dungeon)

   It protects you from fire.
   It protects you from poison.
 y - a +0 tower shield
 C - a +0 buckler
Magical Staves
 o - a staff of fire
Jewellery
 m - a ring of magical power (left hand)
Scrolls
 a - 15 scrolls of identify {unknown}
 d - 2 scrolls of immolation {unknown}
 e - 2 scrolls of amnesia {unknown}
 f - 2 scrolls of fog {unknown}
 j - 4 scrolls of noise {unknown}
 v - a scroll of holy word {unknown}
 B - 2 scrolls of magic mapping {unknown}
 E - a scroll of torment {unknown}
 F - a scroll of silence {unknown}
Potions
 g - 3 potions of brilliance {unknown}
 h - a potion of berserk rage {unknown}
 i - 2 potions of heal wounds {unknown}
 k - 4 potions of might {unknown}
 l - a potion of lignification {unknown}
 n - 7 potions of curing {unknown}
 s - a potion of mutation {unknown}
 u - 2 potions of attraction {unknown}
 x - 4 potions of flight {unknown}
 z - a potion of haste {unknown}
 A - 2 potions of degeneration {unknown}
 D - a potion of ambrosia {unknown}


   Skills:
 - Level 1.7 Dodging
 - Level 2.4 Stealth
 + Level 6.2 Spellcasting
 - Level 1.1 Transmutations
 * Level 10.5 Earth Magic


You had 13 spell levels left.
You knew the following spells:

 Your Spells              Type           Power        Failure   Level
a - Stone Arrow           Conj/Erth      42%          4%          3
b - Passwall              Tmut/Erth      19%          1%          2
c - Sandblast             Erth           76%          1%          1

Your spell library contained the following spells:

 Spells                   Type           Power        Failure   Level
 Lee's Rapid Deconstruct  Erth           19%          4%          5
 Petrify                  Tmut/Erth      23%          12%         4


Dungeon Overview and Level Annotations

Branches:
Dungeon (7/15)             Temple (0/1) D:6

Altars:
Ashenzari
Elyvilon
Fedhas
Gozag
Hepliaklqana
Kikubaaqudgha
Makhleb
Okawaru
Ru
Sif Muna
Wu Jian
Yredelemnul
The Shining One

Shops:
D:7 (

Annotations:
D:5 2 transporters, puppykicker's ghost, novice PaAK


Innate Abilities, Weirdness & Mutations

You cannot be hasted, slowed, berserked, paralysed or teleported.
You can dig through walls and to a lower floor.
Your four strong arms can wield two-handed weapons with a shield.
You have a pair of large antennae on your head. (SInv)


Message History

The orc warrior hits you with a +0 battleaxe!!
Ouch! That really hurt!
* * * LOW HITPOINT WARNING * * *
Casting: Stone Arrow (dangerous; 4% risk of failure)
Confirm with . or Enter, or press ? or * to list all spells.
Aiming: Stone Arrow (dangerous; 4% risk of failure)
Press: ? - help, Shift-Dir - straight line, f/p - orc warrior
Aim: an orc warrior, wielding a +0 battleaxe and wearing a +0 chain mail (32% to evade)
You miscast Stone Arrow.
You are very lightly contaminated with residual magic.
Nothing appears to happen.
Unknown command.
Unknown command.
Casting: Stone Arrow (dangerous; 4% risk of failure)
Confirm with . or Enter, or press ? or * to list all spells.
Aiming: Stone Arrow (dangerous; 4% risk of failure)
Press: ? - help, Shift-Dir - straight line, f/p - orc warrior
Aim: an orc warrior, wielding a +0 battleaxe and wearing a +0 chain mail (32% to evade)
The stone arrow misses the orc warrior.
The orc warrior hits you with a +0 battleaxe!
* * * LOW HITPOINT WARNING * * *
Unknown command.
Casting: Stone Arrow (dangerous; 4% risk of failure)
Confirm with . or Enter, or press ? or * to list all spells.
Aiming: Stone Arrow (dangerous; 4% risk of failure)
Press: ? - help, Shift-Dir - straight line, f/p - orc warrior
Aim: an orc warrior, wielding a +0 battleaxe and wearing a +0 chain mail (32% to evade)
The stone arrow hits the orc warrior!
The orc warrior is moderately wounded.
The orc wizard points at you and mumbles some strange words.
The puff of flame hits you. You resist.
* * * LOW HITPOINT WARNING * * *
The orc warrior closely misses you.
Unknown command.
The orc wizard hits you with a +0 dagger.
* * * LOW HITPOINT WARNING * * *
Are you sure you want to shaft yourself?
The orc warrior barely misses you.
The orc wizard hits you with a +0 dagger.
You die...

###.# ....# ###.# # #.#
###.####.###
............
.#..###..### .#..#
################# ....#
#.......@o....... ....#
#..##...#o...### ....#
#)###...#....# #...#
#.###..##....#
#...###.#......###....).
#.......#.....##
#.!.#....
........#...### #...#
... ....#####.#### ##..#
.. #...# #....#### ..# .


You could see an orc warrior and an orc wizard.

Vanquished Creatures
  An ice beast (D:6)
  2 phantoms
  A centaur (D:6)
  2 bullfrogs
  3 scorpions
  A howler monkey (D:5)
  2 jellies (D:5)
  An orc priest (D:7)
  2 bullfrog skeletons (D:6)
  4 worker ants
  5 orc wizards
  A hound skeleton (D:4)
  2 worker ant zombies (D:6)
  Robin (D:3)
  10 adders
  2 white imps
  3 ufetubi
  2 oozes (D:2)
  A worm (D:3)
  A dart slug (D:1)
  2 leopard geckos
  17 orcs
  9 bats
  7 giant cockroaches
  22 goblins
  12 hobgoblins
  11 jackals
  A quokka (D:6)
  2 ball pythons
  2 frilled lizards
  A jackal zombie (D:6)
  6 kobolds
  5 rats (D:1)
144 creatures vanquished.

Notes
Turn   | Place    | Note
-------+----------+-------------------------------------------
     0 | D:1      | lunkers the Formicid Earth Elementalist began the quest for
                  | the Orb.
     0 | D:1      | Reached XP level 1. HP: 13/13 MP: 3/3
   213 | D:1      | Reached skill level 4 in Earth Magic
   213 | D:1      | Reached XP level 2. HP: 19/19 MP: 3/5
   772 | D:2      | Reached XP level 3. HP: 24/24 MP: 4/7
  1489 | D:2      | Reached skill level 5 in Earth Magic
  1710 | D:2      | Reached XP level 4. HP: 30/30 MP: 4/8
  1729 | D:2      | Found a white marble altar of Elyvilon.
  1772 | D:2      | Found a basalt altar of Yredelemnul.
  1774 | D:2      | Found an iron altar of Okawaru.
  1776 | D:2      | Found an opulent altar of Gozag.
  1778 | D:2      | Found a broken altar of Ashenzari.
  1779 | D:2      | Found a shimmering blue altar of Sif Muna.
  2177 | D:3      | Learned a level 2 spell: Passwall
  2305 | D:2      | Learned a level 3 spell: Stone Arrow
  2644 | D:3      | Reached XP level 5. HP: 35/35 MP: 5/9
  2889 | D:3      | Noticed Robin
  2903 | D:3      | Killed Robin
  3482 | D:4      | Got a pair of warped boots
  3495 | D:4      | Identified the +1 pair of boots of Boiling Hail {rPois rF+}
                  | (You found it on level 4 of the Dungeon)
  3512 | D:4      | Reached skill level 6 in Earth Magic
  3705 | D:4      | Found a hazy altar of Hepliaklqana.
  3708 | D:4      | Found an ornate altar of the Wu Jian Council.
  3711 | D:4      | Found a burning altar of Makhleb.
  3737 | D:4      | Found a sacrificial altar of Ru.
  4604 | D:5      | Entered Level 5 of the Dungeon
  4608 | D:5      | Reached XP level 6. HP: 41/41 MP: 11/11
  4618 | D:5      | Reached skill level 7 in Earth Magic
  4777 | D:5      | Found an ancient bone altar of Kikubaaqudgha.
  4778 | D:5      | Found a glowing golden altar of the Shining One.
  4865 | D:5      | Found a blossoming altar of Fedhas.
  5184 | D:5      | Reached XP level 7. HP: 46/46 MP: 7/13
  5428 | D:5      | Reached skill level 8 in Earth Magic
  5622 | D:5      | Found a white marble altar of Elyvilon.
  5897 | D:5      | Noticed puppykicker's ghost (novice PaAK)
  5898 | D:5      | Found a transporter.
  6121 | D:5      | Found a transporter.
  6476 | D:6      | Reached skill level 5 in Spellcasting
  6537 | D:6      | Reached XP level 8. HP: 52/52 MP: 15/15
  6594 | D:6      | Reached skill level 9 in Earth Magic
  6852 | D:6      | Found a staircase to the Ecumenical Temple.
  7074 | D:6      | Found an iron altar of Okawaru.
  7415 | D:6      | Reached skill level 10 in Earth Magic
  8265 | D:7      | Found Wiohei's Weapon Boutique.
  8485 | D:7      | HP: 2/52 [orc wizard/puff of flame (6)]
  8488 | D:7      | Slain by an orc wizard

Illustrated notes

Levels and vault maps discovered:
D:1:      ncdulo_smallfort, layout_rooms
D:2:      layout_loops_corners, minitemple
D:3:      layout_basic, kennysheep_potato, uniq_robin
D:4:      kennysheep_goblin_castle, layout_cave_pools,
          grunt_temple_overflow_cloverleaf, st_stairs_12
D:5:      layout_loops_ring, lemuel_doored_altar,
          amethyst_overflow_temple_binary, gammafunk_ghost_smash,
          elyvilon_altar_1
D:6:      layout_loops_ring, minmay_temple_entry_glass,
          kennysheep_okawaru_gauntlet
D:7:      minmay_recursive_quarters, layout_loops_ring, serial_shops,
          nicolae_shop_competitors_out_of_business

Skill      XL: |  1  2  3  4  5  6  7  8 |
---------------+-------------------------+-----
Earth Magic    | 4 5 6 7 8 10 | 10.5
Spellcasting   | 3 4 5 6 |  6.2
Dodging        | |  1.7
Stealth        | |  2.4
Transmutations | |  1.1

Action                   |  1- 3 |  4- 6 |  7- 9 || total
-------------------------+-------+-------+-------++-------
Melee: Staff             |       |    17 |       ||    17
       Dagger            |       |     6 |       ||     6
 Cast: Sandblast         |    45 |    43 |    11 ||    99
       Stone Arrow       |       |    55 |    89 ||   144
 Abil: Shaft Self        |       |       |     1 ||     1
Armor: Robe              |     4 |     5 |     5 ||    14
Dodge: Dodged            |     9 |    43 |    11 ||    63

Table legend: (Time is in decaauts)
 A = Elapsed time spent in this place.
 B = Non-inter-level travel time spent in this place.
 C = Inter-level travel time spent in this place.
 D = Time resting spent in this place.
 E = Time spent auto-exploring this place.
 F = Levels seen in this place.
 G = Mean time per level.
                   A        B        C        D        E       F      G
               +--------+--------+--------+--------+--------+-----+--------+
         Total |   8491 |   8127 |    364 |    347 |   6914 |   7 | 1213.0 |
       Dungeon |   8491 |   8127 |    364 |    347 |   6914 |   7 | 1213.0 |
               +--------+--------+--------+--------+--------+-----+--------+

Top non-repeatable levels by time:
     D:5: 1713 daAuts
     D:6: 1408 daAuts
     D:3: 1384 daAuts
     D:2: 1332 daAuts
     D:4: 1259 daAuts
     D:1: 727 daAuts
     D:7: 665 daAuts
